 Dungeon Crawl Stone Soup version 0.22.1 (webtiles) character file.

178 Riddle the Stinger (level 5, -2/35 HPs)
             Began as a Formicid Venom Mage on Sept 18, 2018.
             Slain by a water moccasin (6 damage)
             ... on level 3 of the Dungeon.
             The game lasted 00:10:13 (2934 turns).

Riddle the Stinger (Formicid Venom Mage)            Turns: 2934, Time: 00:10:15

Health: -2/35      AC:  3    Str: 13    XL:     5   Next: 89%
Magic:  4/10       EV: 12    Int: 15    God:
Gold:   135        SH:  0    Dex: 11    Spells: 8/11 levels left

rFire    . . .     SeeInvis +   j - +0 whip
rCold    . . .     Gourm    .   (no shield)
rNeg     . . .     Faith    .   a - +0 robe
rPois    .         Spirit   .   (helmet unavailable)
rElec    .         Reflect  .   (no cloak)
rCorr    .         Harm     .   e - +0 pair of gloves
MR       .....                  (no boots)
Stlth    +++.......             (no amulet)
HPRegen  0.11/turn              (no ring)
MPRegen  0.12/turn              (no ring)

@: lethally poisoned (-2 -> -16)
A: permanent stasis, dig shafts and tunnels, four strong arms, antennae 3
a: Dig, Shaft Self


You were on level 3 of the Dungeon.
You were not hungry.

You visited 1 branch of the dungeon, and saw 3 of its levels.

You collected 135 gold pieces.

Inventory:

Hand Weapons
 j - a +0 whip (weapon)
Armour
 a - a +0 robe (worn)
 e - a +0 pair of gloves (worn)
Scrolls
 f - a scroll of immolation {unknown}
 g - a scroll of enchant armour {unknown}
 h - 3 scrolls of teleportation {unknown}
 l - a scroll of remove curse {unknown}
 o - a scroll of identify {unknown}
Potions
 b - 2 potions of flight {unknown}
 d - a potion of invisibility {unknown}
 i - 4 potions of curing {unknown}
 k - 2 potions of haste {unknown}
 m - a potion of degeneration {unknown}
 p - a potion of brilliance {unknown}
 q - 2 potions of heal wounds {unknown}
Comestibles
 c - 7 rations
 n - a chunk of flesh


   Skills:
 - Level 2.0 Dodging
 + Level 4.5 Stealth
 + Level 3.6 Spellcasting
 - Level 0.8 Conjurations
 + Level 5.6 Poison Magic


You had 8 spell levels left.
You knew the following spells:

 Your Spells              Type           Power        Failure   Level  Hunger
a - Sting                 Conj/Pois      ##..         4%          1    None
b - Poisonous Vapours     Pois/Air       ##....       9%          2    ##.....

Your spell library contained the following spells:

 Spells                   Type           Power        Failure   Level  Hunger
 Olgreb's Toxic Radiance  Pois           ###.....     19%         4    ####...
 Mephitic Cloud           Conj/Pois/Air  #.......     24%         3    ###....
 Venom Bolt               Conj/Pois      ##........   80%         5    ######.


Dungeon Overview and Level Annotations

Branches:
Dungeon (3/15)

Altars:
Gozag
Kikubaaqudgha


Innate Abilities, Weirdness & Mutations

You cannot be hasted, slowed, berserked, paralysed or teleported.
You can dig through walls and to a lower floor.
Your four strong arms can wield two-handed weapons with a shield.
You have a pair of large antennae on your head. (SInv)


Message History

Confirm with . or Enter, or press ? or * to list all spells.
Aiming: Sting (safe; 4% risk of failure)
Press: ? - help, Shift-Dir - straight line, f/p - water moccasin
Aim: a water moccasin (lightly wounded)
The sting hits the water moccasin.
The water moccasin appears unharmed.
The water moccasin is lightly wounded.
You feel sick. The water moccasin bites you.
* * * LOW HITPOINT WARNING * * *
Casting: Sting (safe; 4% risk of failure)
Confirm with . or Enter, or press ? or * to list all spells.
Aiming: Sting (safe; 4% risk of failure)
Press: ? - help, Shift-Dir - straight line, f/p - water moccasin
Aim: a water moccasin (lightly wounded)
The sting hits the water moccasin.
The water moccasin is lightly wounded.
* * * LOW HITPOINT WARNING * * *
You feel sick. The water moccasin bites you.
* * * LOW HITPOINT WARNING * * *
The water moccasin bites you.
You die...

..# #.#.##.# ##....# ..####.#.# ..
####.# ## ..##...#.# #.## ..##
###. ..#..##..# #..# ...# #..
..#.#...#####.## #..##.#
.)..รท)......#..########..[.######
......#####......................
.......# ####[#########.........
####.#.# ####..@.## ##...######.
#.#........###S.###S..## #.
##.#######....##.##..#.## ## #..#
##### #........## # ###.##
###_####...#.._..###### .##.#
#8...8####.#.........## .##.#
##.....###......##..#### .#..#
#8.....8##..#....#.## # ...##
##.....##..###.....## #


You could see a water moccasin.

Vanquished Creatures
  A scorpion (D:3)
  A worker ant (D:2)
  5 adders (D:3)
  An ooze (D:1)
  2 worms (D:2)
  3 giant cockroaches
  8 goblins
  12 hobgoblins
  10 kobolds
  3 bats
  4 frilled lizards
  5 rats
55 creatures vanquished.

Notes
Turn   | Place    | Note
-------+----------+-------------------------------------------
     0 | D:1      | Riddle the Formicid Venom Mage began the quest for the Orb.
     0 | D:1      | Reached XP level 1. HP: 13/13 MP: 3/3
   158 | D:1      | Reached XP level 2. HP: 15/19 MP: 0/5
   217 | D:1      | Learned a level 2 spell: Poisonous Vapours
   482 | D:1      | Reached XP level 3. HP: 14/24 MP: 1/6
  1604 | D:2      | Reached XP level 4. HP: 30/30 MP: 3/8
  2389 | D:3      | Noticed a water moccasin
  2467 | D:3      | Reached skill level 5 in Poison Magic
  2494 | D:3      | Found an ancient bone altar of Kikubaaqudgha.
  2670 | D:3      | Found an opulent altar of Gozag.
  2677 | D:3      | Reached XP level 5. HP: 35/35 MP: 4/9
  2934 | D:3      | Slain by a water moccasin

Skill      XL: |  1  2  3  4 |
---------------+-------------+-----
Dodging        | 2 |  2.0
Stealth        | 3 4 |  4.5
Spellcasting   | 3 |  3.6
Poison Magic   | 5 |  5.6
Conjurations   | |  0.8

Action                   |  1- 3 |  4- 6 || total
-------------------------+-------+-------++-------
Melee: Unarmed           |     8 |       ||     8
       Whip              |    19 |    11 ||    30
 Cast: Sting             |    17 |    10 ||    27
       Poisonous Vapours |    23 |    36 ||    59
 Abil: Dig               |       |     1 ||     1
  Eat: Chunk             |     3 |     7 ||    10
Armor: Robe              |     4 |     3 ||     7
Dodge: Dodged            |    17 |     3 ||    20
